Construct Section Command Post
Selects Air and Sea Battlegroup
Construct Platoon Command Post
Selects Commando Section Paradrop
Commando Section Paradrop
Construct Field Infirmary
Selects Commando Support Section Paradrop
Commando Support Section Paradrop
Construct Company Command Post
Commando Section Paradrop
Selects Anti-tank Rocket Loiter
Unlock M3 Grant Medium Tanks
Selects Naval Bombardment
Commando Section Paradrop